 Dungeon Crawl Stone Soup version 0.13-a0-1585-g6f4f798 (webtiles) character file.

1637 Koal the Martial Artist (level 8, -1/60 HPs)
             Began as a Pale Draconian Transmuter on June 12, 2013.
             Was a Believer of Makhleb.
             Slain by an ice beast (12 damage)
             ... on Level 7 of the Dungeon.
             The game lasted 00:42:44 (6991 turns).

Koal the Grappler (Pale Draconian Transmuter)       Turns: 6991, Time: 00:42:45

HP  -1/60        AC  2     Str 12      XL: 8   Next: 44%
MP  19/21        EV 19     Int 17      God: Makhleb [**....]
Gold 214         SH  0     Dex 16      Spells:  3 memorised,  2 levels left

Res.Fire  : . . .   See Invis. : .   b - melded +0 sling (velocity)
Res.Cold  : . . .   Warding    : .   (armour unavailable)
Life Prot.: + . .   Conserve   : .   (shield currently unavailable)
Res.Poison: x       Res.Corr.  : .   (helmet currently unavailable)
Res.Elec. : .       Clarity    : .   P - melded +0 elf cloak
Sust.Abil.: . .     Spirit.Shd : .   S - melded +0 pair of gauntlets (curse)
Res.Mut.  : .       Stasis     : .   (boots currently unavailable)
Res.Rott. : .       Flight     : .   (no amulet)
Saprovore : . . .                    M - ring of magical power
                                     Q - ring of life protection

@: spider-form, slowed, slow, slightly resistant to hostile enchantments,
unstealthy
A: (breathe steam), unfitting armour, AC +6
a: End Transformation, Minor Destruction, Renounce Religion


You were on level 7 of the Dungeon.
You worshipped Makhleb.
Makhleb was most pleased with you.
You were hungry.
You were in spider-form.
You visited 2 branches of the dungeon, and saw 8 of its levels.
You also visited: Sewer.

You collected 194 gold pieces.

Inventory:

Hand weapons
 b - a +0,+0 sling of velocity (melded)
 e - a +0 blowgun
Missiles
 k - 58 poisoned needles
 r - 38 sling bullets
 t - 12 arrows
 y - 4 darts of flame
 z - 20 darts
 C - 10 curare-tipped needles
 H - 2 poisoned javelins (quivered)
 J - 15 darts of frost
 Z - 36 stones
Armour
 P - a +0 elven cloak (melded)
 S - a cursed +0 pair of gauntlets (melded)
Magical devices
 c - a wand of confusion (3)
 L - a wand of digging (21) {unknown}
 N - a wand of fire (5) {unknown}
Comestibles
 a - 6 bread rations
 f - 2 chunks of orc flesh
 q - 4 meat rations
 K - a choko
 R - 2 pears
 T - 2 apples
Jewellery
 x - an uncursed ring of flight
 M - a ring of magical power (right front leg)
 Q - a ring of life protection (left front leg)
Potions
 i - 2 potions of agility
 p - 2 potions of degeneration
 s - a potion of curing
 u - a potion of invisibility
 E - 2 potions of poison
 F - a potion of paralysis
 G - 3 potions of speed
 I - a potion of magic
Books
 d - a book of Changes

   Spells                             Type                      Level
   *Beastly Appendage                 Transmutation                1
   Sticks to Snakes                   Transmutation                2
   *Spider Form                       Transmutation/Poison         3
   Ice Form                           Ice/Transmutation            4
   *Blade Hands                       Transmutation                5


   Skills:
 - Level 1.1 Fighting
 - Level 1.7 Dodging
 * Level 8.8 Unarmed Combat
 - Level 2.0 Spellcasting
 - Level 5.7 Transmutations
 - Level 2.0 Poison Magic


You had 2 spell levels left.
You knew the following spells:

 Your Spells              Type           Power        Failure   Level  Hunger
a - Beastly Appendage     Trmt           ###...       8%          1    #......
b - Spider Form           Trmt/Pois      ##........   32%         3    ####...
c - Blade Hands           Trmt           ###.......   78%         5    ######.


Dungeon Overview and Level Annotations

Branches:
Dungeon (7/27)             Temple (1/1) D:4
    Orc: D:6-11

Altars:
Ashenzari
Cheibriados
Elyvilon
Fedhas
Kikubaaqudgha
Makhleb
Nemelex Xobeh
Okawaru
Sif Muna
Trog
Vehumet
Xom
Yredelemnul
Zin
the Shining One

Annotations
D:2 Sigmund


Message History

You bite the ice beast!
The ice beast is moderately wounded.
The ice beast hits you. The ice beast freezes you!
You feel as though you will be slow longer.
You are feeling hungry.
You hit the ice beast.
The ice beast is heavily wounded.
The ice beast completely misses you.
You bite the ice beast!
The ice beast is severely wounded.
The ice beast hits you. The ice beast freezes you!
You feel as though you will be slow longer.
* * * LOW HITPOINT WARNING * * *
You hit the ice beast.
The ice beast is almost dead.
The ice beast barely misses you. The ice beast hits you.
* * * LOW HITPOINT WARNING * * *
The ice beast freezes you!
You feel as though you will be slow longer.
You die...

#... ###... .....
#...## #.... #.
#...# #.##...#
#.....#######
#.##((((.Is.<#
##+#+#+#...#######
#..........#
#..........####
#.............#
##+#.#o##..##.#
#.#.#.###..# #
##.#.#.##....
#.#.>.#.....##


You could see an ice beast.

Vanquished Creatures
  An ice beast (D:6)
  3 ogres
  A phantom (D:4)
  2 big kobolds (Sewer)
  A giant frog (D:5)
  Blork the orc (D:7)
  A centaur skeleton (D:4)
  3 wights (D:6)
  A crimson imp (D:4)
  2 orc priests
  A big fish (D:4)
  An orc wizard (D:3)
  3 worker ants
  A jelly (D:5)
  7 adders
  7 gnolls
  A scorpion zombie (D:5)
  A green rat (Sewer)
  A giant mite (D:6)
  5 worms
  6 grey rats (Sewer)
  3 oozes
  5 giant geckos
  21 orcs
  5 ball pythons
  7 giant cockroaches
  13 hobgoblins
  9 jackals
  2 quokkas
  A ball python skeleton (D:4)
  9 bats
  3 giant newts
  14 goblins
  21 kobolds
  3 rats
166 creatures vanquished.

Vanquished Creatures (others)
  A kobold (D:2)
  A quokka (D:6)
2 creatures vanquished.

Grand Total: 168 creatures vanquished

Notes
Turn   | Place    | Note
--------------------------------------------------------------
     0 | D:1      | Koal, the Draconian Transmuter, began the quest for the Orb.
     0 | D:1      | Reached XP level 1. HP: 16/16 MP: 1/1
   321 | D:1      | Reached XP level 2. HP: 23/23 MP: 3/3
   599 | D:2      | Reached skill level 4 in Unarmed Combat
   609 | D:2      | Reached XP level 3. HP: 14/28 MP: 1/4
   614 | D:2      | Learned a level 3 spell: Spider Form
   920 | D:2      | Reached skill level 1 in Poison Magic
  1201 | D:2      | Reached XP level 4. HP: 35/35 MP: 4/6
  1225 | D:2      | Noticed Sigmund
  2243 | D:3      | HP: 1/35 [orc wizard/orcish dagger (5)]
  2244 | D:3      | Reached XP level 5. HP: 1/40 MP: 4/7
  2857 | D:4      | Reached skill level 5 in Transmutations
  2857 | D:4      | Reached XP level 6. HP: 47/47 MP: 5/9
  2870 | D:4      | Noticed a phantom
  2902 | D:4      | Killed a phantom
  2933 | D:4      | Found an ancient bone altar of Kikubaaqudgha.
  3002 | D:4      | Found a staircase to the Ecumenical Temple.
  3030 | Temple   | Entered the Ecumenical Temple
  3093 | Temple   | Became a worshipper of Makhleb the Destroyer
  3275 | D:4      | Learned a level 5 spell: Blade Hands
  3307 | D:4      | Found a glowing drain.
  3329 | Sewer    | Entered a sewer
  3407 | Sewer    | Reached skill level 5 in Unarmed Combat
  3911 | Sewer    | Your scales start fading to a pale cyan-grey colour.
  3911 | Sewer    | Reached XP level 7. HP: 24/52 MP: 7/10
  4321 | D:4      | Reached skill level 6 in Unarmed Combat
  4447 | D:4      | Found a shimmering altar of Xom.
  4576 | D:4      | Acquired Makhleb's first power
  4809 | D:5      | Entered Level 5 of the Dungeon
  5272 | D:5      | Found a shimmering altar of Xom.
  5556 | D:5      | Acquired Makhleb's second power
  5740 | D:5      | Reached skill level 7 in Unarmed Combat
  5996 | D:6      | Reached XP level 8. HP: 60/60 MP: 12/12
  6066 | D:6      | Reached XP level 7. HP: 37/52 MP: 19/19
  6067 | D:6      | Reached XP level 8. HP: 41/60 MP: 12/12
  6124 | D:6      | Reached skill level 8 in Unarmed Combat
  6267 | D:6      | Found a sparkling altar of Nemelex Xobeh.
  6830 | D:7      | Noticed Blork the orc
  6907 | D:7      | Killed Blork the orc
  6991 | D:7      | Slain by an ice beast

Action                   |  1- 3 |  4- 6 |  7- 9 || total
-------------------------+-------+-------+-------++-------
Melee: Unarmed           |   131 |   193 |   177 ||   501
 Fire: Sling             |       |     6 |   106 ||   112
       Blowgun           |       |     4 |    21 ||    25
Throw: Stone             |    19 |    21 |       ||    40
       Dart              |    13 |    12 |       ||    25
       Javelin           |       |    10 |     5 ||    15
 Cast: Beastly Appendage |    16 |    14 |     1 ||    31
       Spider Form       |       |     8 |    19 ||    27
 Abil: End Transformatio |       |     3 |    10 ||    13
       Breathe Steam     |       |       |     5 ||     5
  Use: Scroll            |       |     3 |     7 ||    10
       Potion            |       |       |     1 ||     1
 Stab: Sleeping          |       |       |     1 ||     1
